 Dungeon Crawl Stone Soup version 0.31.0-32-g396128a36d (webtiles) character file.

Game seed: 5604058415208699417

3646 spaghetti the Fighter (level 10, 0/102 (114) HPs)
             Began as a Naga Chaos Knight on Mar 11, 2024.
             Was a Plaything of Xom.
             Slain by a laughing skull (8 damage)
             ... on level 2 of the Abyss.
             The game lasted 00:07:16 (6840 turns).

spaghetti the Fighter (Naga Chaos Knight)           Turns: 6840, Time: 00:07:16

HP:   0/102 (114)   AC: 10    Str: 16    XL:     10   Next: 12%
MP:   10/10         EV: 13    Int: 17    God:    Xom [....*.]
Gold: 70            SH:  0    Dex: 14    Spells: 9/9 levels left

rFire   . . .        h - +1 war axe (venom)
rCold   + . .        (no shield)
rNeg    . . .        C - +2 ring mail {rC+}
rPois   +            (no helmet)
rElec   .            (no cloak)
rCorr   .            n - +1 pair of gloves {Str+3}
SInv    +            (no barding)
Will    +....        l - amulet of regeneration
Stlth   +            k - +4 ring of slaying
HPRegen 1.17/turn    x - +5 ring of evasion
MPRegen 0.12/turn

%: no passive effects
@: about to teleport, heavily drained, very slow
A: AC +3, large, see invisible, deformed body, poison resistance, slowness 2,
spit poison 1, naga tail 1, agile 1, evolution 1
a: Spit Poison, Renounce Religion


You were on level 2 of the Abyss.
You worshipped Xom.
You were a beloved toy of Xom.
You visited 1 branch of the dungeon, and saw 9 of its levels.
You visited the Abyss 1 time.

You collected 409 gold pieces.
You spent 339 gold pieces at shops.

Inventory:

Hand Weapons
 a - a +0 spear of chaos
 h - a +1 war axe of venom (weapon)
 q - a +1 heavy broad axe
 F - the +6 broad axe of Red Wine {antimagic, rElec rF+ Str+2 Dex+3}
   (You bought it in a shop on level 2 of the Dungeon)

   Str+2:     It affects your strength (+2).
   Dex+3:     It affects your dexterity (+3).
   rF+:       It protects you from fire.
   rElec:     It insulates you from electricity.
Missiles
 D - 2 throwing nets
Armour
 b - a +2 leather armour
 n - a +1 pair of gloves of strength (worn)
 C - a +2 ring mail of cold resistance (worn)
Jewellery
 d - a ring of ice
 i - a ring of ice
 k - a +4 ring of slaying (left hand)
 l - an amulet of regeneration (around neck)
 o - an amulet of the acrobat
 r - a ring of magical power
 s - a ring of ice
 v - a ring of positive energy
 x - a +5 ring of evasion (right hand)
 E - a ring of fire
Wands
 t - a wand of flame (36)
 H - a wand of charming (6)
Scrolls
 c - 2 scrolls of butterflies
 e - 4 scrolls of fear
 y - a scroll of enchant weapon
 z - a scroll of enchant armour {unknown}
 B - a scroll of immolation {unknown}
Potions
 g - 3 potions of brilliance
 j - a potion of cancellation
 m - 2 potions of mutation
 u - 4 potions of curing
 w - a potion of resistance {unknown}
 A - a potion of ambrosia {unknown}
 G - a potion of lignification {unknown}


   Skills:
 + Level 14.3 Fighting
 - Level 3.0 Polearms
 - Level 1.5 Armour
 - Level 0.7 Dodging


You had 9 spell levels left.
You didn't know any spells.
Your spell library contained the following spells:

 Spells                   Type           Power      Damage    Failure   Level
 Slow                     Hex            0%         N/A       41%         1
 Confusing Touch          Hex            0%         N/A       78%         3
 Sigil of Binding         Hex            0%         N/A       78%         3
 Tukima's Dance           Hex            0%         N/A       78%         3
 Vampiric Draining        Necr           0%         2d6       78%         3
 Dimensional Bullseye     Hex/Tloc       0%         N/A       99%         4
 Iskenderun's Mystic Bla  Conj/Tloc      0%         2d3       99%         4
 Conjure Ball Lightning   Conj/Air       0%         3x3d6     100%        6
 Discord                  Hex            0%         N/A       100%        8
 Disjunction              Tloc           0%         N/A       100%        8


Dungeon Overview and Level Annotations

Branches:
Dungeon (9/15)             Temple (0/1) D:4
   Lair: D:8-11         Orc: D:9-12

Altars:
Ashenzari
Makhleb
Sif Muna
Uskayaw
Vehumet
Wu Jian
Xom
Yredelemnul
Zin
The Shining One

Shops:
D:2 (   D:3 [   D:6 (:

Annotations:
D:7 Jeremiah
D:9 Erolcha


Innate Abilities, Weirdness & Mutations

Your serpentine skin is tough. (AC +3)
You have supernaturally acute eyesight. (SInv)
Armour fits poorly on your strangely shaped body.
Your system is resistant to poisons. (rPois)
You cover ground very slowly.
You can spit poison.
You have a snake-like lower body.
You are agile. (Dex +4, Str/Int -1)
You have hidden genetic potential.


Message History

The laughing skull barely misses you. The laughing skull headbutts you.
* * * LOW HITPOINT WARNING * * *
The laughing skull headbutts you but does no damage.
As you read the scroll of butterflies, it crumbles to dust.
You hear the flapping of tiny wings.
The laughing skull is knocked back by the sudden gust. x2
The laughing skull gibbers with scorn.
The bolt of negative energy hits your butterfly!
Your butterfly is drained!
Your butterfly dies!
Your butterfly disappears in a burst of colours!
The bolt of negative energy hits you!
You feel drained.
* * * LOW HITPOINT WARNING * * *
The bolt of negative energy misses your butterfly.
The bolt of negative energy hits your butterfly!!
Your butterfly is drained!
Your butterfly dies!
Your butterfly disappears in a burst of colours!
The laughing skull headbutts you!
* * * LOW HITPOINT WARNING * * *
You hear a chilling moan.
Unknown command.
You swap places.
Something completely misses your butterfly.
The laughing skull headbutts your butterfly!
Your butterfly dies!
Your butterfly disappears in a burst of colours!
Something misses your butterfly.
The laughing skull lets out a vicious peal of laugher.
The bolt of negative energy misses you.
The bolt of negative energy hits your butterfly!
Your butterfly is drained!
Your butterfly dies!
Your butterfly disappears in a burst of colours!
Unknown command.
The laughing skull attacks as it pursues you!
The laughing skull headbutts you!
You die...
The laughing skull crumbles to pieces from sheer joy.
Xom giggles madly!

... .#.. ..
#..§# .#. ..
§...§###.#...
#.....#..#..
### #..#.....#
. #..#....# ..
#....# . #.#@#
.# .. ####§#z#
. #.###.#.§§###
..
###.#...b§§§b##
##..##. #.##
#§##§b# . #..#
#.### #bz..#
...#.. ...#
##...##.# # .
.....#.# .. #
## ### # #### #
.. ### #.#


You could see a laughing skull.

Vanquished Creatures
  A hornet (D:9)
  Sigmund (D:4)
  A steam dragon (D:8)
  2 water moccasins (D:7)
  A sky beast (D:7)
  An orc warrior (D:8)
  2 ice beasts
  A black bear (D:4)
  2 ogres
  5 centaurs
  2 kobold brigands
  2 bullfrogs
  3 scorpions
  4 wights (D:7)
  5 killer bees (D:9)
  2 bombardier beetles
  2 gnoll boudas (D:8)
  An orc priest (D:8)
  5 hounds
  7 jellies
  2 iguanas
  6 orc wizards
  18 gnolls
  4 adders
  A river rat (D:3)
  A white imp (D:7)
  A shadow imp (D:6)
  2 ufetubi (D:6)
  A dart slug (D:1)
  20 orcs
  6 ball pythons
  3 endoplasms
  3 giant cockroaches
  4 hobgoblins
  9 quokkas
  3 bats
  4 frilled lizards
  7 goblins
  22 kobolds
  3 rats
170 creatures vanquished.

Vanquished Creatures (others)
  A hound (D:5)
1 creature vanquished.

Grand Total: 171 creatures vanquished

Notes
Turn   | Place    | Note
-------+----------+-------------------------------------------
     0 | D:1      | spaghetti the Naga Chaos Knight began the quest for the
                  | Orb.
     0 | D:1      | Reached XP level 1. HP: 21/21 MP: 1/1
   144 | D:1      | Reached XP level 2. HP: 20/28 MP: 2/2
   554 | D:1      | XOM: smoke on damage
   915 | D:2      | XOM: divination: detect creatures
   925 | D:2      | Reached skill level 4 in Fighting
   925 | D:2      | Reached XP level 3. HP: 29/36 MP: 3/3
  1161 | D:2      | XOM: silly message
  1213 | D:2      | Found Zujuqur's Antique Weapon Shoppe.
  1225 | D:2      | XOM is BORED!
  1225 | D:2      | XOM: torment (20/37 hp)
  1304 | D:2      | XOM: stat loss: -1 Str (13/14)
  1398 | D:2      | Found a glowing golden altar of the Shining One.
  1589 | D:2      | Reached skill level 5 in Fighting
  1589 | D:2      | Reached XP level 4. HP: 26/46 MP: 4/4
  1929 | D:2      | XOM: noise
  1953 | D:3      | XOM: give mutations
  1953 | D:3      | Gained mutation: Your body sometimes deteriorates upon
                  | taking damage. [Xom's mischief]
  1953 | D:3      | Gained mutation: You are partially covered in iridescent
                  | scales. (AC +2) [Xom's mischief]
  1973 | D:3      | You fall into a shaft and drop 2 floors!
  1973 | D:5      | Entered Level 5 of the Dungeon
  2042 | D:4      | Noticed a scorpion
  2047 | D:4      | Killed a scorpion
  2048 | D:4      | Reached XP level 5. HP: 55/55 MP: 5/5
  2097 | D:4      | Reached skill level 6 in Fighting
  2315 | D:3      | Found Honk's Antique Armour Emporium.
  2322 | D:3      | Bought a pair of glowing gloves for 150 gold pieces
  2480 | D:3      | XOM: give mutations
  2480 | D:3      | Gained mutation: You are clumsy. (Dex -2) [Xom's mischief]
  2480 | D:3      | Gained mutation: Your mind is acute. (Int +4, Str/Dex -1)
                  | [Xom's mischief]
  2480 | D:3      | Gained mutation: You are frail. (-10% HP) [Xom's mischief]
  2896 | D:4      | Reached XP level 6. HP: 56/56 MP: 6/6
  2975 | D:4      | Noticed a black bear
  2984 | D:4      | Killed a black bear
  2985 | D:4      | Reached skill level 7 in Fighting
  3082 | D:4      | Noticed Sigmund
  3091 | D:4      | Killed Sigmund
  3092 | D:4      | Reached skill level 8 in Fighting
  3092 | D:4      | Reached XP level 7. HP: 58/66 MP: 7/7
  3274 | D:4      | Found a staircase to the Ecumenical Temple.
  3442 | D:5      | XOM: polymorph orc -> jelly
  3522 | D:5      | Reached skill level 9 in Fighting
  3572 | D:5      | XOM: destruction
  3641 | D:5      | Reached XP level 8. HP: 75/76 MP: 8/8
  3673 | D:5      | XOM: 2-stop teleportation journey
  3848 | D:6      | XOM: stealth player
  3916 | D:6      | Found a broken altar of Ashenzari.
  4072 | D:6      | Reached skill level 10 in Fighting
  4133 | D:6      | Found Reniam's Tremendous Tomes.
  4155 | D:6      | XOM: god gift: long sword {god gift}
  4168 | D:6      | Found a basalt altar of Yredelemnul.
  4169 | D:6      | Found a hide-covered altar of Uskayaw.
  4258 | D:6      | Found Kuankusydd's Weapon Boutique.
  4270 | D:6      | XOM: god gift: club {god gift}
  4385 | D:6      | Found an ornate altar of the Wu Jian Council.
  4400 | D:6      | XOM: summons 4 hostile shadow creatures
  4401 | D:6      | Noticed a wyvern
  4459 | D:6      | Found a burning altar of Makhleb.
  4461 | D:6      | Found a shimmering blue altar of Sif Muna.
  4513 | D:6      | Found a radiant altar of Vehumet.
  4778 | D:7      | Reached skill level 11 in Fighting
  4877 | D:7      | Reached XP level 9. HP: 83/87 MP: 9/9
  4878 | D:7      | XOM: give mutation
  4878 | D:7      | Gained mutation: Your body often deteriorates upon taking
                  | damage. [Xom's mischief]
  4883 | D:7      | XOM: confusion (+ monsters)
  5031 | D:7      | Reached skill level 12 in Fighting
  5055 | D:7      | Found a shimmering altar of Xom.
  5055 | D:7      | Noticed an angel
  5086 | D:7      | Found a glowing silver altar of Zin.
  5409 | D:8      | XOM: cleaving
  5545 | D:8      | Reached skill level 13 in Fighting
  5716 | D:2      | XOM: draining
  5718 | D:2      | Bought an iridescent broad axe for 189 gold pieces
  5718 | D:2      | Identified the +6 broad axe of Red Wine {antimagic, rElec
                  | rF+ Str+2 Dex+3} (You bought it in a shop on level 2 of the
                  | Dungeon)
  5887 | D:7      | Noticed Jeremiah
  5897 | D:7      | XOM: enchant monster (good)
  5906 | D:7      | XOM: summons 2 friendly demons
  6151 | D:8      | XOM: divination: detect items
  6421 | D:8      | XOM: cloud trail
  6505 | D:9      | Noticed a hornet
  6507 | D:9      | Paralysed by a hornet for 1 turns
  6513 | D:9      | Paralysed by a hornet for 1 turns
  6514 | D:9      | Lost mutation: Your body often deteriorates upon taking
                  | damage. [potion of mutation]
  6514 | D:9      | Lost mutation: You are partially covered in iridescent
                  | scales. (AC +2) [potion of mutation]
  6514 | D:9      | Gained mutation: Your skin changes colour to match your
                  | surroundings (Stealth+). [potion of mutation]
  6514 | D:9      | Lost mutation: Your mind is acute. (Int +4, Str/Dex -1)
                  | [potion of mutation]
  6517 | D:9      | Killed a hornet
  6518 | D:9      | Reached skill level 14 in Fighting
  6518 | D:9      | Reached XP level 10. HP: 42/100 MP: 3/10
  6643 | D:9      | XOM: scenery: create altars
  6758 | D:9      | Noticed Erolcha
  6759 | Abyss:2  | Cast into level 2 of the Abyss (Erolcha)
  6784 | Abyss:2  | Noticed a large abomination
  6787 | Abyss:2  | XOM: swap monsters
  6789 | Abyss:2  | Lost mutation: You are clumsy. (Dex -2) [potion of
                  | mutation]
  6789 | Abyss:2  | Lost mutation: Your skin changes colour to match your
                  | surroundings (Stealth+). [potion of mutation]
  6789 | Abyss:2  | Lost mutation: Your body sometimes deteriorates upon taking
                  | damage. [potion of mutation]
  6789 | Abyss:2  | Gained mutation: Your magical capacity is low. (-10% MP)
                  | [potion of mutation]
  6789 | Abyss:2  | Gained mutation: Your mind is acute. (Int +4, Str/Dex -1)
                  | [potion of mutation]
  6790 | Abyss:2  | Lost mutation: Your mind is acute. (Int +4, Str/Dex -1)
                  | [potion of mutation]
  6790 | Abyss:2  | Lost mutation: Your magical capacity is low. (-10% MP)
                  | [potion of mutation]
  6790 | Abyss:2  | Lost mutation: You are frail. (-10% HP) [potion of
                  | mutation]
  6790 | Abyss:2  | Gained mutation: You have hidden genetic potential. [potion
                  | of mutation]
  6790 | Abyss:2  | Gained mutation: You are agile. (Dex +4, Str/Int -1)
                  | [potion of mutation]
  6835 | Abyss:2  | XOM: fog
  6837 | Abyss:2  | HP: 3/102 [laughing skull (8)]
  6840 | Abyss:2  | Slain by a laughing skull

Illustrated notes

Levels and vault maps discovered:
D:1:      dpeg_arrival_erosion, layout_basic
D:2:      layout_loops_corners, basic_altar, serial_shops,
          nicolae_shop_tiny_glass
D:3:      layout_basic, gup_sewer_entry_bowl, serial_shops, shop,
          kennysheep_small_spiral, nicolae_twisty_statue_hallways
D:4:      cheibrodos_quashed, layout_cave_pools, minmay_temple_entry_fiery,
          uniq_sigmund
D:5:      layout_rooms
D:6:      layout_cave_pods, mainiacjoe_overflow_small_starburst,
          vehumet_altar_wand_db, ashenzari_conservatory_becter,
          nicolae_overflow_hidden_temple, serial_shops,
          nicolae_shop_gibbet_a_chance, nicolae_shop_i_like_big_books
D:7:      minmay_blocky_corners, layout_basic,
          grunt_temple_overflow_order_and_chaos_1,
          hangedman_abyss_or_decor_passed, grunt_ministairs_5, uniq_jeremiah
D:8:      layout_loops_ring, minmay_misc_feat_roman
D:9:      layout_basic, chequers_temple_overflow_statue_of_worship, uniq_erolcha
Abyss:2:  base:
D:7

Skill      XL: |  1  2  3  4  5  6  7  8  9 |
---------------+----------------------------+-----
Fighting       | 4 5 6 8 9 11 14 | 14.3
Polearms       | |  3.0
Armour         | |  1.5
Dodging        | |  0.7

Action                     |  1- 3 |  4- 6 |  7- 9 | 10-12 || total
---------------------------+-------+-------+-------+-------++-------
  Melee: Spear             |    71 |       |       |       ||    71
         Punch             |     2 |     2 |     5 |       ||     9
         War axe           |    28 |    88 |   233 |     2 ||   351
         Broad axe         |       |       |    59 |    19 ||    78
Ability: Spit Poison       |       |       |     1 |     2 ||     3
    Use: Scroll            |       |     2 |     3 |     3 ||     8
         Potion            |       |       |     1 |     4 ||     5
   Stab: Sleeping          |     1 |       |     2 |       ||     3
 Armour: Leather armour    |    68 |    76 |   191 |       ||   335
         Ring mail         |       |       |    93 |    62 ||   155
  Dodge: Dodged            |    31 |    49 |   223 |    48 ||   351
